 Dungeon Crawl Stone Soup version 0.23-a0-451-g1044d4c (webtiles) character file.

27230 galech the Cleaver (level 13, 0/99 HPs)
             Began as a Demonspawn Fighter on Nov 23, 2018.
             Was the Champion of Okawaru.
             Slain by an orc warlord
             ... wielding a +0 great mace
              (10 damage)
             ... on level 1 of the Orcish Mines.
             The game lasted 00:20:26 (12182 turns).

galech the Cleaver (Demonspawn Fighter)            Turns: 12182, Time: 00:20:28

Health: 0/99       AC: 21    Str: 21    XL:     13   Next: 3%
Magic:  14/14      EV:  9    Int:  9    God:    Okawaru [******]
Gold:   1724       SH: 12    Dex: 18    Spells: 12/12 levels left

rFire    + . .     SeeInvis +   w - +5 war axe (venom)
rCold    + . .     Gourm    .   c - +0 shield
rNeg     . . .     Faith    +   M - +6 chain mail of the Townfolk {Str+4}
rPois    .         Spirit   .   L - +1 helmet {SInv}
rElec    .         Reflect  .   d - +0 cloak
rCorr    .         Harm     .   x - +0 pair of gloves
MR       .....                  (boots unavailable)
Stlth    ..........             i - amulet of faith
HPRegen  0.26/turn              F - ring of protection from cold
MPRegen  0.14/turn              (no ring)

@: drained
A: hooves 3, demonic guardian 1, fire resistance 1, spiny 2, sturdy frame 2
a: Heroism, Finesse, Renounce Religion


You were on level 1 of the Orcish Mines.
You worshipped Okawaru.
Okawaru was exalted by your worship.
You were not hungry.

You visited 3 branches of the dungeon, and saw 13 of its levels.

You collected 1724 gold pieces.

Inventory:

Hand Weapons
 w - a +5 war axe of venom (weapon)
 y - the +8 whip of Roucum {freeze, rF+++ MR+ Int+3 Dex-4}
   (You took it off an orc on level 4 of the Dungeon)

   It has been specially enchanted to freeze those struck by it, causing extra
   injury to most foes and up to half again as much damage against particularly
   susceptible opponents.
   It can also slow down cold-blooded creatures.
   It affects your intelligence (+3).
   It affects your dexterity (-4).
   It renders you almost immune to fire.
   It affects your resistance to hostile enchantments.
Armour
 c - a +0 shield (worn)
 d - a +0 cloak (worn)
 x - a +0 pair of gloves (worn)
 C - a +0 plate armour of cold resistance
 L - a +1 helmet of see invisible (worn)
 M - the +6 chain mail of the Townfolk (worn) {Str+4}
   (You found it on level 10 of the Dungeon)

   It affects your strength (+4).
Jewellery
 a - an uncursed amulet of magic regeneration {unknown}
 e - a +3 amulet of reflection
 i - an amulet of faith (around neck)
 F - a ring of protection from cold (left hand)
Wands
 s - a wand of disintegration (14)
 A - a wand of flame (9)
 D - a wand of iceblast (10)
Scrolls
 g - 3 scrolls of enchant armour
 h - a scroll of random uselessness
 l - 3 scrolls of remove curse
 n - 6 scrolls of teleportation
 o - 3 scrolls of fear
 r - 4 scrolls of immolation
 t - a scroll of amnesia {unknown}
 z - 3 scrolls of magic mapping {unknown}
 G - 3 scrolls of identify
 I - a scroll of fog {unknown}
 K - a scroll of brand weapon {unknown}
Potions
 b - 2 potions of ambrosia {unknown}
 j - 2 potions of curing
 k - a potion of mutation {unknown}
 m - 3 potions of flight {unknown}
 p - 2 potions of heal wounds {unknown}
 q - 3 potions of lignification {unknown}
 u - 2 potions of magic {unknown}
 E - a potion of cancellation {unknown}
 H - a potion of brilliance {unknown}
 J - a potion of degeneration {unknown}
Comestibles
 f - 20 rations
 v - 3 chunks of flesh


   Skills:
 + Level 8.4(7.7) Fighting
 + Level 10.0(10.8) Axes
 + Level 9.9(10.8) Maces & Flails
 + Level 8.6(7.9) Armour
 + Level 2.7(2.1) Dodging
 + Level 3.6(2.9) Stealth
 + Level 9.9(9.1) Shields
 + Level 1.7(1.1) Invocations


You had 12 spell levels left.
You didn't know any spells.
Your spell library contained the following spells:

 Spells                   Type           Power        Failure   Level  Hunger
 Corona                   Hex            #......      94%         1    ##.....
 Ensorcelled Hibernation  Hex/Ice        #.....       98%         2    ###....
 Confuse                  Hex            #.......     100%        3    ####...
 Dazzling Spray           Conj/Hex       #.....       100%        3    ####...
 Tukima's Dance           Hex            #.......     100%        3    ####...


Dungeon Overview and Level Annotations

Branches:
Dungeon (10/15)            Temple (1/1) D:4            Lair (0/6) D:10
    Orc (2/2) D:9             Elf (0/3) Orc:2

Altars:
Ashenzari
Cheibriados
Dithmenos
Elyvilon
Gozag
Hepliaklqana
Makhleb
Nemelex Xobeh
Okawaru
Qazlal
Sif Muna
Trog
Uskayaw
Wu Jian
Xom
Yredelemnul
The Shining One

Shops:
D:6 [   D:10 (   Orc:2 **![


Innate Abilities, Weirdness & Mutations

You have hooves in place of feet.
A weak demonic guardian rushes to your aid.
Your flesh is heat resistant. (rF+)
You are mostly covered in sharp spines.
Your movements are less encumbered by armour. (ER -4)


Message History

Okay, then.
The orc warlord shoots a bolt.
You block the bolt.
You see here a bolt.
It was a potion of curing.
You feel better.
Some of the chunks of flesh in your inventory have rotted away.
The orc warlord shoots a bolt.
The bolt closely misses you.
The orc warlord unwields a +0 arbalest.
The orc warlord wields a +0 great mace.
The orc warlord hits you with a +0 great mace.
* * * LOW HITPOINT WARNING * * *
You see here a bolt.
Your shield and chain mail of the Townfolk prevent you from hitting the orc You kick the orc warlord, but do no damage.
The orc warlord is almost dead.
You hit the orc warlord but do no damage.
The orc warlord looks as sick as possible!
Your kick misses the orc warlord.
The orc warlord is almost dead.
The orc warlord is struck by your spines.
The orc warlord hits you with a +0 great mace!
You die...

.....#.........))[...#..
.##....#.......)).[......
^..#.#.#..................
...#............)....#.....
............................
...>.......................#
............(..............
..#.#....................#..
..........o@.............#..
....#.......#......#....#...
......)).((.##....#.#...##..
........(#.#####........#...
......)[#### ##...........
....#...# ##....#.#..# ...
##.## ##.######## .. ## ###


You could see an orc warlord.

Vanquished Creatures
  4 ogre magi (Orc:2)
  Harold (D:8)
  11 two-headed ogres
  A sea snake (shapeshifter) (D:10)
  3 unseen horrors (D:10)
  An orc knight (Orc:1)
  Pikel (D:9)
  A cyclops (D:10)
  An ugly thing (D:10)
  2 orc sorcerers
  Joseph (D:7)
  Psyche (D:8)
  An efreet (D:10)
  3 trolls
  Grinder (D:3)
  A hornet (D:9)
  A hippogriff (D:9)
  A spriggan (D:8)
  A vampire (D:10)
  Sigmund (D:5)
  A hungry ghost (D:10)
  A warg (Orc:1)
  2 water moccasins
  5 ice beasts
  A black bear (D:6)
  17 orc warriors
  4 sky beasts
  3 phantoms
  6 centaurs
  25 ogres
  A big kobold (D:7)
  10 bullfrogs
  A water moccasin zombie (D:9)
  3 scorpions
  4 killer bees (D:10)
  2 howler monkeys (D:8)
  4 crimson imps
  2 centaur zombies
  A bullfrog zombie (D:6)
  8 hounds
  19 orc priests
  Crazy Yiuf (D:5)
  A centaur skeleton (D:10)
  23 orc wizards
  A bullfrog skeleton (D:6)
  4 iguanas
  10 worker ants
  A killer bee zombie (D:8)
  2 hound skeletons
  A howler monkey zombie (D:6)
  Robin (D:3)
  6 gnolls
  10 adders
  A shadow imp (D:10)
  An ooze (D:4)
  5 adder skeletons
  7 worms
  3 dart slugs (D:1)
  3 leopard geckos
  73 orcs
  3 giant cockroaches
  12 goblins
  8 hobgoblins
  11 jackals
  14 kobolds
  6 quokkas
  4 ball pythons
  A ball python skeleton (D:4)
  10 bats
  3 frilled lizards
  2 jackal skeletons
  2 quokka zombies (D:6)
  6 rats
394 creatures vanquished.

Vanquished Creatures (collateral kills)
  A two-headed ogre (Orc:2)
  2 trolls (D:10)
  An ice beast (D:5)
  4 ogres
  A quasit (D:4)
  An orc wizard (D:7)
  An orc priest (Orc:2)
  A centaur skeleton (D:4)
  A worker ant (D:6)
  2 gnolls (D:9)
  An adder (D:8)
  4 orcs
20 creatures vanquished.

Vanquished Creatures (others)
  A jelly (D:9)
  An orc (Orc:2)
  A kobold (D:3)
3 creatures vanquished.

Grand Total: 417 creatures vanquished

Notes
Turn   | Place    | Note
-------+----------+-------------------------------------------
     0 | D:1      | galech the Demonspawn Fighter began the quest for the Orb.
     0 | D:1      | Reached XP level 1. HP: 18/18 MP: 1/1
    58 | D:1      | Gained mutation: Your movements are slightly less
                  | encumbered by armour. (ER -2) [demonic ancestry]
    58 | D:1      | Reached XP level 2. HP: 21/24 MP: 2/2
   295 | D:1      | Reached skill level 2 in Axes
   692 | D:1      | Gained mutation: You are partially covered in sharp spines.
                  | [demonic ancestry]
   692 | D:1      | Reached XP level 3. HP: 28/29 MP: 3/3
  1288 | D:2      | Reached skill level 3 in Axes
  1288 | D:2      | Gained mutation: You have large cloven feet. [demonic
                  | ancestry]
  1288 | D:2      | Reached XP level 4. HP: 33/35 MP: 4/4
  2016 | D:3      | Gained mutation: A weak demonic guardian rushes to your
                  | aid. [demonic ancestry]
  2016 | D:3      | Reached XP level 5. HP: 36/41 MP: 5/5
  2017 | D:3      | Reached skill level 1 in Dodging
  2271 | D:3      | Noticed Grinder
  2281 | D:3      | Killed Grinder
  2281 | D:3      | Reached skill level 4 in Axes
  2281 | D:3      | Gained mutation: You have hoof-like feet. [demonic
                  | ancestry]
  2281 | D:3      | Reached XP level 6. HP: 29/48 MP: 6/6
  2406 | D:3      | Found a shattered altar of Ashenzari.
  2829 | D:4      | Noticed Robin
  2833 | D:3      | Killed Robin
  2855 | D:4      | Reached skill level 5 in Axes
  2855 | D:4      | Gained mutation: You have hooves in place of feet. [demonic
                  | ancestry]
  2855 | D:4      | Reached XP level 7. HP: 22/53 MP: 7/7
  3041 | D:4      | Found a staircase to the Ecumenical Temple.
  3077 | Temple   | Entered the Ecumenical Temple
  3083 | Temple   | Became a worshipper of Warmaster Okawaru
  3315 | D:4      | Identified the +8 whip of Roucum {freeze, rF+++ MR+ Int+3
                  | Dex-4}
  3691 | D:4      | Reached * piety under Okawaru
  3898 | D:5      | Entered Level 5 of the Dungeon
  3921 | D:5      | Reached skill level 1 in Maces & Flails
  4050 | D:5      | Reached skill level 6 in Axes
  4052 | D:5      | Gained mutation: You are mostly covered in sharp spines.
                  | [demonic ancestry]
  4052 | D:5      | Reached XP level 8. HP: 33/60 MP: 8/8
  4218 | D:5      | Noticed Sigmund
  4226 | D:5      | Killed Sigmund
  4246 | D:5      | Reached ** piety under Okawaru
  4246 | D:5      | Reached skill level 5 in Shields
  4622 | D:5      | Found a runed door.
  4807 | D:5      | Noticed Crazy Yiuf
  4811 | D:5      | Killed Crazy Yiuf
  4856 | D:6      | Found Doaboaze's Armour Shop.
  5015 | D:6      | Reached *** piety under Okawaru
  5196 | D:6      | Reached XP level 9. HP: 67/67 MP: 9/9
  5679 | D:6      | Reached skill level 5 in Fighting
  5924 | D:7      | Reached skill level 5 in Maces & Flails
  5942 | D:7      | Noticed Joseph
  5956 | D:7      | Killed Joseph
  5956 | D:7      | Reached **** piety under Okawaru
  5956 | D:7      | Reached skill level 5 in Armour
  5956 | D:7      | Reached skill level 1 in Stealth
  6252 | D:8      | Noticed a two-headed ogre
  6260 | D:8      | Killed a two-headed ogre
  6260 | D:8      | Reached ***** piety under Okawaru
  6490 | D:8      | Reached XP level 10. HP: 74/74 MP: 10/10
  6523 | D:8      | Noticed Psyche
  6529 | D:8      | Killed Psyche
  6791 | D:8      | Noticed Harold
  6811 | D:8      | Killed Harold
  6903 | D:9      | Received a gift from Okawaru
  7078 | D:9      | Found a staircase to the Orcish Mines.
  7153 | D:9      | Noticed Pikel
  7161 | D:9      | Killed Pikel
  7280 | D:9      | Found a hide-covered altar of Uskayaw.
  7684 | Orc:1    | Entered Level 1 of the Orcish Mines
  7691 | Orc:1    | Received a gift from Okawaru
  7782 | Orc:1    | Reached ****** piety under Okawaru
  7939 | Orc:1    | Found a shimmering altar of Xom.
  8098 | Orc:2    | Entered Level 2 of the Orcish Mines
  8098 | Orc:2    | Noticed an orc knight
  8098 | Orc:2    | Noticed an orc sorcerer
  8117 | Orc:1    | Killed an orc knight
  8117 | Orc:1    | Reached XP level 11. HP: 34/83 MP: 8/11
  8404 | Orc:2    | Killed an orc sorcerer
  8557 | Orc:2    | Noticed a two-headed ogre
  8557 | Orc:2    | Noticed a two-headed ogre
  9087 | D:10     | Entered Level 10 of the Dungeon
  9116 | D:10     | Found Zanteip's Antique Weapon Boutique.
  9217 | D:10     | Noticed an unseen horror
  9505 | D:10     | Noticed a brown ugly thing
  9517 | D:10     | Killed a brown ugly thing
  9517 | D:10     | Received a gift from Okawaru
  9525 | D:10     | Reached skill level 1 in Invocations
  9530 | D:10     | Noticed an unseen horror
  9542 | D:10     | Killed an unseen horror
  9765 | D:10     | Noticed a sea snake
  9774 | D:10     | Killed a sea snake
  9795 | D:10     | Killed an unseen horror
  9875 | D:10     | Got a smoking chain mail
  9886 | D:10     | Identified the +6 chain mail of the Townfolk {Str+4} (You
                  | found it on level 10 of the Dungeon)
  9945 | D:10     | Received a gift from Okawaru
  9971 | D:10     | Noticed an unseen horror
  9974 | D:10     | Killed an unseen horror
 10122 | D:10     | Found a bloodstained altar of Trog.
 10133 | D:10     | Found a staircase to the Lair.
 10358 | Orc:2    | Killed a two-headed ogre
 10359 | Orc:2    | Killed a two-headed ogre
 10359 | Orc:2    | Reached skill level 7 in Axes
 10359 | Orc:2    | Gained mutation: Your movements are less encumbered by
                  | armour. (ER -4) [demonic ancestry]
 10359 | Orc:2    | Reached XP level 12. HP: 79/91 MP: 10/13
 10360 | Orc:2    | Noticed an ogre mage
 10375 | Orc:2    | Killed an ogre mage
 10423 | Orc:2    | Noticed an ogre mage
 10429 | Orc:2    | Killed an ogre mage
 10429 | Orc:2    | Received a gift from Okawaru
 10477 | Orc:2    | Noticed a two-headed ogre
 10486 | Orc:2    | Killed a two-headed ogre
 10509 | Orc:2    | Noticed an ogre mage
 10520 | Orc:2    | Killed an ogre mage
 10520 | Orc:2    | Reached skill level 8 in Axes
 10671 | Orc:2    | Noticed a two-headed ogre
 10681 | Orc:2    | Killed a two-headed ogre
 10688 | Orc:2    | Noticed a two-headed ogre
 10694 | Orc:2    | Noticed a two-headed ogre
 10696 | Orc:2    | Killed a two-headed ogre
 10705 | Orc:2    | Killed a two-headed ogre
 10705 | Orc:2    | Received a gift from Okawaru
 10725 | Orc:2    | Noticed a two-headed ogre
 10783 | Orc:2    | Noticed a two-headed ogre
 10792 | Orc:2    | Killed a two-headed ogre
 10792 | Orc:2    | Reached skill level 9 in Axes
 10857 | Orc:2    | Noticed a two-headed ogre
 10864 | Orc:2    | Killed a two-headed ogre
 10879 | Orc:2    | Noticed a two-headed ogre
 10886 | Orc:2    | Killed a two-headed ogre
 10899 | Orc:2    | Killed a two-headed ogre
 10899 | Orc:2    | Received a gift from Okawaru
 10925 | Orc:2    | Noticed a two-headed ogre
 10931 | Orc:2    | Noticed an ogre mage
 10934 | Orc:2    | Killed a two-headed ogre
 10951 | Orc:2    | Killed an ogre mage
 11064 | Orc:2    | Found Ris Paq's General Store.
 11064 | Orc:2    | Found Yxuest's Antique Armour Emporium.
 11065 | Orc:2    | Found Jofeucw's Assorted Antiques.
 11065 | Orc:2    | Found Itetik's Distillery.
 11147 | Orc:2    | Found a staircase to the Elven Halls.
 11467 | Orc:2    | Reached skill level 10 in Axes
 11953 | Orc:1    | Noticed an orc warlord
 12027 | Orc:1    | Gained mutation: Your flesh is heat resistant. (rF+)
                  | [demonic ancestry]
 12027 | Orc:1    | Reached XP level 13. HP: 88/99 MP: 11/14
 12169 | Orc:1    | HP: 3/99 [orc warlord/+0 great mace (28)]
 12182 | Orc:1    | Slain by an orc warlord

Vault maps used:
D:1:      dpeg_arrival_arbitrary_a
D:2:      first_ration
D:3:      evilmike_ruin_ashenzari, uniq_grinder
D:4:      minmay_inner_zag, minmay_temple_entry_proselytizer, minivault_27,
          uniq_robin
D:5:      uniq_crazy_yiuf_cottage, uniq_sigmund
D:6:      serial_shops, shop, minmay_misc_feat_tiny, zaba_anthole
D:7:      uniq_joseph
D:8:      the_bakery, uniq_psyche, uniq_harold
D:9:      kennysheep_mini, david_orc_2, uniq_pikel
D:10:     hangedman_cross_cluster, serial_shops, shop, basic_altar,
          hangedman_decor_lopped
Temple:   dpeg_three_leaves_temple
Orc:1:    basic_altar
Orc:2:    st_orc_ogre_mass

Skill      XL: |  1  2  3  4  5  6  7  8  9 10 11 12 |
---------------+-------------------------------------+-----
Armour         | 3 4 5 6 7 8 |  8.6
Axes           | 2 3 4 5 6 7 10 | 10.0
Shields        | 3 4 6 7 8 9 |  9.9
Dodging        | 1 2 |  2.7
Maces & Flails | 1 4 6 8 9 |  9.9
Fighting       | 4 5 6 7 8 |  8.4
Stealth        | 1 2 3 |  3.6
Invocations    | 1 |  1.7

Action                   |  1- 3 |  4- 6 |  7- 9 | 10-12 | 13-15 || total
-------------------------+-------+-------+-------+-------+-------++-------
Melee: War axe           |    94 |    84 |    12 |   184 |    26 ||   400
       Kick              |       |    21 |    53 |   180 |    12 ||   266
       Whip              |       |       |   261 |   350 |       ||   611
Invok: Heroism           |       |       |       |     5 |     1 ||     6
  Use: Potion            |       |     2 |       |       |     1 ||     3
       Scroll            |       |       |     7 |     3 |       ||    10
 Stab: Distracted        |       |       |     3 |     4 |     2 ||     9
  Eat: Chunk             |     1 |     5 |    12 |    18 |     1 ||    37
Armor: Scale mail        |    29 |    19 |       |       |       ||    48
       Plate armour      |       |    20 |   124 |   134 |       ||   278
       Chain mail        |       |       |       |    58 |     6 ||    64
Dodge: Dodged            |    26 |    25 |    43 |   107 |     9 ||   210
Block: Shield            |    67 |    68 |   126 |   248 |    10 ||   519
       Reflection        |     3 |     6 |       |       |       ||     9

Table legend:
 A = Non-vault XP
 B = Vault XP
 C = Vault XP percentage of total XP
 D = Non-vault monster count
 E = Vault monster count
 F = Vault count percentage of total count
                 A         B        C        D         E       F
            +---------+---------+-------+---------+---------+-------
      Total |   14300 |   24601 |  63.2 |     319 |      95 |  22.9
            +---------+---------+-------+---------+---------+-------
        D:1 |      44 |       0 |   0.0 |      24 |       0 |   0.0
        D:2 |      92 |       0 |   0.0 |      19 |       0 |   0.0
        D:3 |     179 |     309 |  63.3 |      27 |       4 |  12.9
        D:4 |     220 |     254 |  53.6 |      16 |      14 |  46.7
        D:5 |     653 |     254 |  28.0 |      27 |       2 |   6.9
        D:6 |    1234 |      90 |   6.8 |      37 |       3 |   7.5
        D:7 |     515 |     436 |  45.8 |      19 |       1 |   5.0
        D:8 |    1459 |    1573 |  51.9 |      15 |       3 |  16.7
        D:9 |    1812 |     718 |  28.4 |      20 |       8 |  28.6
       D:10 |    2341 |    5435 |  69.9 |      31 |      23 |  42.6
      Orc:1 |    3370 |       0 |   0.0 |      44 |       0 |   0.0
      Orc:2 |    2381 |   15532 |  86.7 |      40 |      37 |  48.1
            +---------+---------+-------+---------+---------+-------
